 Dungeon Crawl Stone Soup version 0.23.2-1-ga50397a (webtiles) character file.

Game seed: 6374432175687175945

102 grenoire the Cudgeler (level 4, -2/43 HPs)
             Began as a Gargoyle Berserker on May 11, 2019.
             Was a Believer of Trog.
             Slain by a gnoll
             ... wielding a +0 spear
              (5 damage)
             ... on level 2 of the Dungeon.
             The game lasted 00:02:48 (1766 turns).

grenoire the Cudgeler (Gargoyle Berserker)          Turns: 1766, Time: 00:02:49

Health: -2/43      AC:  5    Str: 27    XL:     4   Next: 78%
Magic:  4/4        EV: 12    Int:  7    God:    Trog [**....]
Gold:   82         SH:  0    Dex:  9    Spells: 3/3 levels left

rFire    . . .     SeeInvis .   a - +0 mace
rCold    . . .     Gourm    .   (no shield)
rNeg     + . .     Faith    .   b - +0 animal skin
rPois    ∞         Spirit   .   (no helmet)
rElec    +         Reflect  .   (no cloak)
rCorr    +         Harm     .   (no gloves)
MR       .....                  (no boots)
Stlth    ..........             (no amulet)
HPRegen  0.14/turn              g - ring of resist corrosion
MPRegen  0.09/turn              (no ring)

@: berserking, very quick
A: negative energy resistance 1, electricity resistance, unbreathing,
petrification resistance, rot immunity, AC +3
a: Berserk, Trog's Hand, Renounce Religion


You were on level 2 of the Dungeon.
You worshipped Trog.
Trog was pleased with you.
You were not hungry.

You visited 1 branch of the dungeon, and saw 2 of its levels.

You collected 82 gold pieces.

Inventory:

Hand Weapons
 a - a +0 mace (weapon)
Armour
 b - a +0 animal skin (worn)
Jewellery
 g - a ring of resist corrosion (left hand)
Scrolls
 c - a scroll of immolation {unknown}
 d - 2 scrolls of remove curse
 h - a scroll of identify
Potions
 e - 2 potions of curing
 f - a potion of degeneration {unknown}
 i - a potion of resistance {unknown}


   Skills:
 + Level 3.9 Fighting
 + Level 4.2 Maces & Flails
 + Level 2.3 Armour
 + Level 2.4 Dodging
 + Level 0.2 Stealth


You had 3 spell levels left.
You didn't know any spells.
Your spell library was empty.

Dungeon Overview and Level Annotations

Branches:
Dungeon (2/15)

Altars:
Nemelex Xobeh


Innate Abilities, Weirdness & Mutations

You are resistant to torment.
Your stone body is resilient. (AC +3)
You are immune to poison.
You resist negative energy. (rN+)
You are resistant to electric shocks. (rElec)
You can survive without breathing.
You are immune to petrification.
You are immune to rotting.


Message History

The gnoll is almost dead.
The gnoll closely misses you.
The gnoll hits you from afar with a +0 spear.
* * * LOW HITPOINT WARNING * * *
You closely miss the gnoll.
The gnoll is almost dead.
The gnoll closely misses you.
The gnoll hits you from afar with a +0 spear.
* * * LOW HITPOINT WARNING * * *
A red film seems to cover your vision as you go berserk!
You feel yourself moving faster!
You feel mighty!
You feel quite a bit more hungry. The gnoll barely misses you.
The gnoll hits you but does no damage.
You sock the gnoll!
You kill the gnoll!
Trog accepts your kill.
The gnoll hits you from afar with a +0 spear.
* * * LOW HITPOINT WARNING * * *
The gnoll hits you from afar with a +0 spear.
You die...

#.......# #.# #.......# #)#
######.## #.# ######.# # #.#
....##.# #. #.# ....##.####.. #.#
..........+... #.#
.....#.####....#####.#
.....#.#......gg@†...#
.....#.#.###########.#
.....#.#...........#.#
...).#.#..######.#.###
####.#.#..#<.....#.# ##
#...#..#......#'######
.#####.#..##.###........#
...............'........#
..####.####.####........#########


You could see 2 gnolls.

Vanquished Creatures
  2 gnolls (D:2)
  5 adders (D:2)
  A worm (D:2)
  A dart slug (D:2)
  2 ball pythons (D:1)
  A giant cockroach (D:2)
  3 goblins
  2 hobgoblins (D:2)
  3 jackals (D:2)
  2 quokkas (D:2)
  4 bats
  A frilled lizard (D:2)
  8 kobolds
  3 rats
  A plant (D:1)
39 creatures vanquished.

Notes
Turn   | Place    | Note
-------+----------+-------------------------------------------
     0 | D:1      | grenoire the Gargoyle Berserker began the quest for the
                  | Orb.
     0 | D:1      | Reached XP level 1. HP: 14/14 MP: 1/1
   697 | D:2      | Reached XP level 2. HP: 8/19 MP: 2/2
   931 | D:2      | Reached XP level 3. HP: 11/24 MP: 3/3
  1440 | D:2      | Found a sparkling altar of Nemelex Xobeh.
  1480 | D:2      | Reached XP level 4. HP: 29/29 MP: 4/4
  1509 | D:2      | Reached skill level 4 in Maces & Flails
  1511 | D:2      | Reached ** piety under Trog
  1766 | D:2      | Slain by a gnoll

Skill      XL: |  1  2  3  4 |
---------------+-------------+-----
Dodging        | 2 |  2.4
Maces & Flails | 4 |  4.2
Fighting       | |  3.9
Armour         | |  2.3
Stealth        | |  0.2

Action                   |  1- 3 |  4- 6 || total
-------------------------+-------+-------++-------
Melee: Mace              |   131 |    36 ||   167
Invok: Berserk           |     1 |     1 ||     2
  Use: Scroll            |     2 |       ||     2
  Eat: Ration            |     1 |     1 ||     2
Armor: Animal skin       |    47 |    29 ||    76
Dodge: Dodged            |    88 |    37 ||   125
